 Dungeon Crawl Stone Soup version 0.19.0-2-gae57169 (webtiles) character file.

226184 esc the Grappler (level 18, -19/116 HPs)
             Began as a Vine Stalker Fighter on Nov 4, 2016.
             Was the Champion of Zin.
             Demolished by an ettin
             ... wielding a +0 dire flail
              (28 damage)
             ... on level 15 of the Dungeon.
             The game lasted 02:48:58 (34994 turns).

esc the Grappler (Vine Stalker Fighter)            Turns: 34994, Time: 02:48:59

Health: -19/116    AC: 19    Str: 22    XL:     18   Next: 88%
Magic:  0/29       EV: 13    Int:  8    God:    Zin [******]
Gold:   751        SH: 14    Dex: 19    Spells: 0 memorised, 17 levels left

rFire  + . .     SeeInvis .       - Unarmed
rCold  + . .     Gourm    .     T - +0 mottled dragon scales
rNeg   . . .     Faith    .     x - +0 shield
rPois  .         Spirit   +     A - +1 helmet
rElec  .         Reflect  .     L - +2 cloak {+Inv}
rCorr  .         Harm     .     U - +0 pair of gloves {archery}
MR     ++...                    s - +2 pair of boots
Stlth  +.........               W - amulet of Vitality {Regen+ HP+15}
                                J - ring of protection from fire {rF+, !d}
                                C - ring of protection from cold {rC+, !d}

@: short of breath
A: fangs 3, regeneration 2, magic shield, antimagic bite, no device heal 3, rot
immunity
a: Recite, Vitalisation, Imprison, Sanctuary, Donate Gold, Cure All Mutations,
Renounce Religion, Evoke Invisibility
}: 2/15 runes: barnacled, gossamer


You were on level 15 of the Dungeon.
You worshipped Zin.
Zin was exalted by your worship.
You were not hungry.

You visited 6 branches of the dungeon, and saw 32 of its levels.
You visited the Abyss 1 time.
You also visited: Sewer.

You collected 2879 gold pieces.
You spent 263 gold pieces at shops.
You donated 1865 gold pieces to Zin.

Inventory:

Hand Weapons
 Q - a +5 blowgun
   (You found it on level 6 of the Lair of Beasts)
Missiles
 j - 109 poisoned needles
 m - 13 throwing nets {=f, !d}
 v - 795 stones (quivered)
 I - 5 tomahawks of dispersal {=f}
Armour
 s - a +2 pair of boots (worn)
   (You found it on level 4 of the Dungeon)
 x - a +0 shield (worn)
   (You found it on level 12 of the Dungeon)
 A - a +1 helmet (worn)
   (You found it on level 14 of the Dungeon)
 L - a +2 cloak of invisibility (worn)
   (You found it on level 2 of the Spider Nest)
 T - +0 mottled dragon scales (worn)
   (You found it on level 13 of the Dungeon)
 U - a +0 pair of gloves of archery (worn)
   (You acquired it on level 4 of the Lair of Beasts)
Jewellery
 a - an uncursed ring of see invisible {sInv, !d}
   (You found it on level 10 of the Dungeon)
 t - an uncursed amulet of rage {+Rage, !d}
   (You found it on level 5 of the Dungeon)
 C - a ring of protection from cold (left hand) {rC+, !d}
   (You found it on level 2 of the Spider Nest)
 E - an uncursed ring of magical power {MP+9}
   (You found it on level 6 of the Dungeon)
 G - an uncursed ring of protection from magic {MR+, !d}
   (You found it on level 8 of the Dungeon)
 J - a ring of protection from fire (right hand) {rF+, !d}
   (You took it off a merfolk on level 2 of the Shoals)
 W - the amulet of Vitality (around neck) {Regen+ HP+15}
   (You found it on level 6 of the Lair of Beasts)

   [amulet of regeneration]

   It affects your health (+15).
   It increases your rate of regeneration.
Wands
 b - a wand of lightning (7/15)
   (You found it on level 13 of the Dungeon)
 g - a wand of digging (5/24)
   (You took it off Natasha on level 3 of the Dungeon)
 n - a wand of acid (0/15)
   (You found it on level 3 of the Shoals)
 w - a wand of lightning (9/15)
   (You found it on level 4 of the Spider Nest)
 y - a wand of slowing (6/48)
   (You found it on level 1 of the Spider Nest)
 B - a wand of enslavement (0/24)
   (You found it on level 5 of the Lair of Beasts)
 D - a wand of teleportation (4/9)
   (You found it on level 14 of the Dungeon)
 F - a wand of hasting (6/9)
   (You found it on level 14 of the Dungeon)
 H - a wand of iceblast (0/15)
   (You found it on level 1 of the Shoals)
 S - a wand of paralysis (6/24)
   (You found it on level 3 of the Shoals)
 Z - a wand of confusion (0/48)
   (You found it on level 4 of the Lair of Beasts)
Scrolls
 f - 2 scrolls of immolation {!r}
 i - 3 scrolls of remove curse
 l - a scroll of amnesia
 u - 3 scrolls of magic mapping {!r}
 K - 5 scrolls of enchant armour
 N - 5 scrolls of enchant weapon
 R - a scroll of teleportation
Potions
 c - a potion of might
 e - 5 potions of ambrosia
 k - 9 potions of curing
 o - 2 potions of invisibility
 p - 2 potions of cancellation
 z - 2 potions of magic
 M - a potion of berserk rage {!q}
 P - 2 potions of agility
Miscellaneous
 r - a sack of spiders
 O - a crystal ball of energy
   (You found it on level 15 of the Dungeon)
 V - a lamp of fire
   (You found it on level 4 of the Lair of Beasts)
 Y - a phial of floods
   (You found it on level 11 of the Dungeon)
Comestibles
 d - 11 bread rations {@e1}
 h - 19 meat rations {@e2}


   Skills:
 + Level 13.6 Fighting
 + Level 10.5 Armour
 - Level 3.0 Dodging
 + Level 13.7 Shields
 + Level 14.8 Unarmed Combat
 + Level 14.5 Invocations
 + Level 10.2 Evocations


You had 17 spell levels left.
You didn't know any spells.

Dungeon Overview and Level Annotations

Branches:
Dungeon (15/15)            Temple (0/1) D:7            Lair (6/6) D:8
 Shoals (4/4) Lair:2       Spider (4/4) Lair:2        Slime (0/5) Lair:6
    Orc (2/2) D:12            Elf (0/3) Orc:2        Vaults (0/5) D:14
 Depths (1/5) D:15

Altars:
Ashenzari
Dithmenos
Fedhas
Gozag
Makhleb
Nemelex Xobeh
Ru
Trog
Uskayaw
Xom
Zin
The Shining One
Jiyva

Shops:
D:10 *   D:11 :   D:15 (   Orc:2 *:(:%:%([

Annotations:
Shoals:4 Ilsuiw


Innate Abilities, Weirdness & Mutations

You have razor-sharp teeth.
You heal very quickly.
When hurt, damage is shared between your health and your magic reserves.
Your bite disrupts and absorbs the magic of your enemies.
Potions and wands cannot restore your health.
You are immune to rotting.


Message History

The cyan very ugly thing suddenly stops moving!
This wand has 8 charges left.
You have got your breath back.
You regained 2 hp, and now have 50/116 hp.
The helpless cyan very ugly thing fails to defend itself.
You pulverise the cyan very ugly thing!!!
You bite the cyan very ugly thing. You drain its power.
You feel invigorated.
You kill the cyan very ugly thing!
Zin accepts your kill.
You regained 11 mp, and now have 24/29 mp.
Things that are here:
a very ugly thing corpse; an ugly thing corpse You regained 2 hp, and now have 53/116 hp.
You butcher the ugly thing corpse.
Things that are here:
a very ugly thing corpse; a mutagenic chunk of flesh {@w0} You butcher the very ugly thing corpse.
Things that are here:
a mutagenic chunk of flesh {@w0} x2
You regained 2 hp, and now have 56/116 hp.
There isn't anything to butcher here.
There isn't anything to butcher here.
You regained 2 hp, and now have 59/116 hp.
You regained 2 hp, and now have 62/116 hp.
You regained 2 hp, and now have 65/116 hp.
There is an open door here.
You regained 2 hp, and now have 68/116 hp.
There is an open door here.
You regained 2 hp, and now have 71/116 hp.
You regained 2 hp, and now have 75/116 hp.
Things that are here:
a mutagenic chunk of flesh {@w0} x2
There is a staircase to the Depths, spattered with blood here.
You regained 2 hp, and now have 78/116 hp.
You start resting.
Health restored: 116; MP restored: 29 You climb downwards.
Welcome to the Depths!
You block the ettin's attack. The ettin hits you with a dire flail!!!
The two-headed ogre hits you with a giant club.
You block the two-headed ogre's attack. The ettin hits you with a dire flail!!
The ettin misses you.
There is a staircase back to the Dungeon, spattered with blood here.
You take 48 damage, and have 68/116 hp.
MASSIVE DAMAGE!!
You now have 16/29 mp.
You block the ogre's attack.
The ogre mage hits you but does no damage.
The two-headed ogre hits you with a giant club.
The two-headed ogre misses you. The ettin closely misses you.
The ettin hits you but does no damage.
You climb upwards.
Welcome back to the Dungeon!
There is a staircase to the Depths, spattered with blood here.
You now have 15/29 mp.
You clear your throat and prepare to recite. "The law of Zin demands thee..."
The ettin is dazed by your recitation.
The two-headed ogre is confused by your recitation.
The two-headed ogre shouts in stereo!
The ettin is lost in a daze.
You regained 2 hp, and now have 70/116 hp.
Your shield prevents you from hitting the ettin.
You bite the ettin. You drain its power.
You feel invigorated.
You regained 4 mp, and now have 19/29 mp.
You hit the ettin but do no damage. "...be obedient, and that the punishment for sacrilege..."
The ogre is confused by your recitation.
The ettin barely misses you. You block the ettin's attack.
The ogre hits the two-headed ogre with a giant club!
You pummel the ettin!! "...shall be swift and harsh!"
You finish reciting Anathema 17:75.
The ettin closely misses you. The ettin hits you with a dire flail.
You now have 18/29 mp.
You punch the ettin! You bite the ettin. You drain its power.
You feel invigorated.
You regained 2 mp, and now have 20/29 mp.
You hit the ettin but do no damage. You bite the ettin. You drain its power.
You feel invigorated.
The ettin hits you with a dire flail!!! x2
* * * LOW HITPOINT WARNING * * *
You take 59 damage, and have 15/116 hp.
MASSIVE DAMAGE!!
You now have 6/29 mp.
Okay, then.
Okay, then.
Okay, then.
Okay, then.
Okay, then.
Aim: an ettin, wielding two dire flails (heavily wounded, dazed, chance to defeat MR: 50%)
The ettin resists with some effort.
This wand has 7 charges left.
The ettin barely misses you. The ettin hits you with a dire flail!!
Zin protects you from harm!
The ogre barely misses the ettin.
You regained 2 hp, and now have 17/116 hp.
You now have 0/29 mp.
Aim: an ettin, wielding two dire flails (heavily wounded, dazed, chance to defeat MR: 50%)
The ettin resists with some effort.
This wand has 6 charges left.
The ettin hits you with a dire flail!
* * * LOW HITPOINT WARNING * * *
The ettin hits you with a dire flail!!
You die...

#.......................#
##########.#..#######.#.######
##########.#..........#.....∩#
.....................[.......#
####.#######..#.###########..#
#.# ####.#.# #........# #.#
#..##### #.####.#.# #.# #..##
######.# ##.#.# #.#
####(###@##...# #..#.# #.#
#(.(#..C#####.# #.##.## #.#
#.≈.#.≈O# #.# #.##..#
###.####...#...## #.###)##..#
##(......###'###.####.........#
..(.........#...#..##.##.####.#
##<#####..≈.#.≈.#..##.#..# #.#
##(####.....#...#####.#.## #.#
........<......######.#.# #.#


You could see an ettin (dazed) and an ogre (confused).

Vanquished Creatures
  The ghost of tyranidshit the Warrior, an adept DsAK of Lugonu (Shoals:4)
  Kirke (Lair:2)
  A frost giant (Lair:2)
  3 ghost moths
  7 emperor scorpions
  Louise (Shoals:2)
  3 very ugly things (D:15)
  7 entropy weavers
  A dire elephant (D:15)
  2 spark wasps (Spider:3)
  6 merfolk javelineers
  4 merfolk impalers
  Fannar (Lair:2)
  4 vault guards (D:14)
  2 centaur warriors
  11 hydras
  A catoblepas (Lair:6)
  4 merfolk avatars
  A queen ant (Spider:3)
  3 merfolk aquamancers (Shoals:3)
  9 death yaks
  A deep troll shaman (Lair:6)
  2 satyrs (Shoals:3)
  4 orc high priests
  2 tengu warriors
  14 sea snakes
  A fire crab (Lair:6)
  A wolf spider zombie (D:14)
  4 hill giants
  13 harpies
  5 orc knights
  31 wolf spiders
  12 cyclopes
  5 ugly things
  6 orc sorcerers
  11 fauns
  28 orb spiders
  An oklob plant (Lair:5)
  A salamander (D:15)
  11 manticores
  10 sirens
  7 water nymphs
  4 centaur zombies
  A torpor snail (Spider:1)
  12 elephants
  5 black mambas
  A gargoyle (D:14)
  A redback zombie (D:15)
  11 spiny frogs
  A kobold demonologist (D:14)
  12 demonic crawlers
  A rime drake (Lair:1)
  8 komodo dragons
  3 tengu conjurers
  6 trolls
  2 wind drakes
  A polar bear (Lair:6)
  31 jumping spiders
  3 hornets
  25 merfolk
  The ghost of happinesssam the Slasher, an amateur HuBe of Trog (D:3)
  2 two-headed ogres
  10 dream sheep
  Grinder (D:4)
  11 blink frogs
  10 snapping turtles
  9 hippogriffs
  Sigmund (D:6)
  A shadow (D:14)
  13 water elementals
  26 tarantellas
  56 yaks
  80 redbacks
  A spriggan (Lair:3)
  3 wraiths
  Eustachio (D:4)
  A hill giant zombie (D:12)
  3 hogs (D:10)
  2 wyverns
  3 hungry ghosts
  A human (D:10)
  4 basilisks
  3 vampire mosquitoes (D:14)
  2 wargs (D:7)
  2 mottled dragons
  5 soldier ants
  8 water moccasins
  Duvessa (D:6)
  8 porcupines
  12 ice beasts
  2 eyes of draining
  18 orc warriors
  4 sky beasts
  A phantom (D:12)
  4 black bears
  5 necrophages (D:10)
  15 wolves
  9 centaurs
  11 ogres
  8 crocodiles
  23 bullfrogs
  4 big kobolds
  3 gnoll sergeants
  A water moccasin zombie (D:12)
  Dowan (D:6)
  A wyvern skeleton (D:14)
  7 killer bees
  2 scorpions
  33 wights
  7 howler monkeys
  3 electric eels
  6 crimson imps
  A bullfrog zombie (D:13)
  9 hounds
  8 jellies
  Crazy Yiuf (D:3)
  24 orc priests
  22 orc wizards
  3 centaur skeletons
  Jessica (D:3)
  2 bullfrog skeletons (D:8)
  3 iguanas
  Natasha (thrice) (D:3)
  15 worker ants
  7 ogre zombies (D:12)
  2 hound zombies
  3 hound skeletons
  13 adders
  18 gnolls
  A howler monkey skeleton (D:7)
  2 river rats (D:3)
  3 shadow imps
  An adder skeleton (D:4)
  A worm (D:3)
  2 dart slugs
  5 leopard geckos
  60 orcs
  7 ball pythons
  6 bats
  6 giant cockroaches
  16 goblins
  9 hobgoblins
  27 jackals
  7 quokkas
  12 frilled lizards
  A goblin skeleton (D:12)
  6 goblin zombies (D:12)
  A hobgoblin skeleton (D:12)
  3 hobgoblin zombies (D:12)
  32 kobolds
  A leopard gecko skeleton (D:8)
  2 orc skeletons (D:12)
  12 orc zombies (D:12)
  7 rats
  A bush (D:10)
  A fire vortex (D:13)
  2 fungi
  4 plants
1193 creatures vanquished.

Vanquished Creatures (collateral kills)
  A merfolk aquamancer (Shoals:1)
  2 harpies (Shoals:1)
  A wolf spider (Spider:4)
  2 fauns (Shoals:1)
  A siren (Shoals:1)
  2 merfolk (Shoals:1)
9 creatures vanquished.

Vanquished Creatures (others)
  A wizard (D:15)
  2 humans (Shoals:1)
  A water moccasin (Lair:6)
  An orc priest (Orc:2)
  An orc (D:8)
  A bush (Lair:4)
  13 fungi
  18 pillars of salt
  33 plants
71 creatures vanquished.

Grand Total: 1273 creatures vanquished

Notes
Turn   | Place    | Note
-------+----------+-------------------------------------------
     0 | D:1      | esc the Vine Stalker Fighter began the quest for the Orb.
     0 | D:1      | Reached XP level 1. HP: 11/11 MP: 2/2
    97 | D:1      | Reached XP level 2. HP: 16/16 MP: 3/3
   299 | D:1      | Reached XP level 3. HP: 19/19 MP: 4/4
   617 | D:2      | Reached skill level 3 in Unarmed Combat
   866 | D:2      | Gained mutation: Your natural rate of healing is unusually fast. [Vine Stalker growth]
   866 | D:2      | Reached XP level 4. HP: 21/23 MP: 5/5
  1129 | D:3      | Noticed Natasha
  1143 | D:3      | Killed Natasha
  1143 | D:3      | Reached skill level 4 in Unarmed Combat
  1165 | D:3      | Noticed Natasha
  1182 | D:2      | Reached XP level 5. HP: 20/28 MP: 3/6
  1222 | D:3      | Found a burning altar of Makhleb.
  1222 | D:3      | Noticed happinesssam's ghost (amateur HuBe)
  1260 | D:3      | Found an opulent altar of Gozag.
  1410 | D:3      | Killed happinesssam's ghost
  1410 | D:3      | Reached skill level 3 in Fighting
  1410 | D:3      | Reached skill level 3 in Armour
  1410 | D:3      | Reached skill level 3 in Shields
  1410 | D:3      | Reached skill level 5 in Unarmed Combat
  1410 | D:3      | Reached XP level 6. HP: 12/32 MP: 4/7
  1436 | D:3      | Noticed Jessica
  1440 | D:3      | Killed Jessica
  1443 | D:3      | Killed Natasha
  1448 | D:3      | Found a shattered altar of Ashenzari.
  1468 | D:3      | Found a glowing drain.
  1485 | Sewer    | Entered a sewer
  1746 | Sewer    | Reached XP level 7. HP: 36/36 MP: 8/8
  2410 | D:3      | Noticed Natasha
  2421 | D:3      | HP: 9/37 [Natasha (5)]
  2424 | D:3      | Killed Natasha
  2548 | D:3      | Found a faded altar of an unknown god.
  2548 | D:3      | Found a faded altar of an unknown god.
  2556 | D:3      | Found a faded altar of an unknown god.
  2558 | D:3      | Found a faded altar of an unknown god.
  2559 | D:3      | Found a glowing golden altar of the Shining One.
  2564 | D:3      | Became a worshipper of Zin the Law-Giver
  2564 | D:3      | Reached * piety under Zin
  2564 | D:3      | Reached ** piety under Zin
  2619 | D:3      | Found a runed door.
  2710 | D:3      | Reached skill level 4 in Fighting
  2770 | D:3      | Noticed Crazy Yiuf
  2784 | D:3      | Killed Crazy Yiuf
  2856 | D:4      | Noticed Eustachio
  2890 | D:4      | Reached skill level 4 in Shields
  2920 | D:4      | Killed Eustachio
  2920 | D:4      | Reached skill level 1 in Invocations
  3170 | D:4      | Gained mutation: You have razor-sharp teeth. [Vine Stalker growth]
  3170 | D:4      | Reached XP level 8. HP: 38/42 MP: 8/10
  3292 | D:4      | Reached skill level 4 in Armour
  3370 | D:4      | Noticed Grinder
  3379 | D:4      | Killed Grinder
  3379 | D:4      | Reached skill level 6 in Unarmed Combat
  3379 | D:4      | Reached skill level 2 in Invocations
  3773 | D:4      | Reached *** piety under Zin
  3932 | D:5      | Entered Level 5 of the Dungeon
  3975 | D:5      | Reached skill level 3 in Invocations
  4062 | D:5      | Reached skill level 5 in Fighting
  4062 | D:5      | Reached skill level 5 in Shields
  4177 | D:5      | Reached XP level 9. HP: 31/47 MP: 10/12
  4373 | D:6      | Noticed Sigmund
  4397 | D:6      | Killed Sigmund
  4518 | D:6      | Reached **** piety under Zin
  4533 | D:6      | Reached skill level 4 in Invocations
  4559 | D:6      | Reached skill level 5 in Armour
  4598 | D:6      | Noticed Duvessa
  4601 | D:6      | Killed Duvessa
  4601 | D:6      | Reached skill level 7 in Unarmed Combat
  4602 | D:6      | Noticed Dowan
  4604 | D:6      | Killed Dowan
  5050 | D:6      | Reached skill level 6 in Shields
  5267 | D:7      | Found a shadowy altar of Dithmenos.
  5268 | D:7      | Found a glowing silver altar of Zin.
  5269 | D:7      | Found a blossoming altar of Fedhas.
  5270 | D:7      | Found a sacrificial altar of Ru.
  5455 | D:7      | Reached skill level 6 in Fighting
  5455 | D:7      | Reached skill level 5 in Invocations
  5483 | D:7      | Found a staircase to the Ecumenical Temple.
  5507 | D:7      | Reached ***** piety under Zin
  5595 | D:7      | Reached XP level 10. HP: 53/53 MP: 14/14
  5810 | D:7      | Found a shimmering altar of Xom.
  6070 | D:7      | Reached skill level 8 in Unarmed Combat
  6143 | D:8      | Found a staircase to the Lair.
  6334 | D:8      | Reached skill level 6 in Armour
  7359 | Lair:1   | Entered Level 1 of the Lair of Beasts
  7373 | Lair:1   | Noticed a spiny frog
  7392 | Lair:1   | Killed a spiny frog
  7392 | Lair:1   | Reached skill level 7 in Shields
  7419 | Lair:1   | Reached skill level 6 in Invocations
  7544 | Lair:1   | Reached skill level 7 in Fighting
  7544 | Lair:1   | Reached XP level 11. HP: 58/58 MP: 16/16
  7657 | Lair:1   | Reached skill level 1 in Evocations
  7730 | Lair:1   | Got an ichor-stained quarterstaff
  8467 | Lair:2   | Reached skill level 9 in Unarmed Combat
  8535 | Lair:1   | Reached skill level 2 in Evocations
  8543 | Lair:1   | Reached skill level 7 in Invocations
  8663 | Lair:2   | Reached skill level 7 in Armour
  8773 | Lair:2   | Reached skill level 8 in Shields
  8868 | Lair:2   | Found a staircase to the Shoals.
  9028 | Lair:2   | Found a hole to the Spider Nest.
  9292 | Lair:2   | Noticed Fannar
  9317 | Lair:2   | Killed Fannar
  9317 | Lair:2   | Reached skill level 3 in Evocations
  9555 | Lair:3   | Noticed a death yak
  9556 | Lair:3   | Noticed a death yak
  9591 | Lair:2   | Gained mutation: You heal very quickly. [Vine Stalker growth]
  9591 | Lair:2   | Reached XP level 12. HP: 25/64 MP: 18/18
  9598 | Lair:2   | Reached skill level 8 in Fighting
  9868 | Lair:3   | Found a dark tunnel.
  9950 | Lair:3   | Noticed a seven-headed hydra
  9957 | Lair:3   | Killed a seven-headed hydra
  9962 | Lair:3   | Reached skill level 8 in Invocations
 10034 | Lair:3   | Reached skill level 4 in Evocations
 10556 | Lair:4   | Reached ****** piety under Zin
 10604 | Lair:4   | Identified a scroll of acquirement
 10793 | Lair:4   | Found a frozen archway.
 10969 | Lair:4   | Reached skill level 10 in Unarmed Combat
 11333 | Lair:4   | Noticed a seven-headed hydra
 11344 | Lair:4   | Killed a seven-headed hydra
 11498 | Lair:5   | Noticed a death yak
 11499 | Lair:5   | Noticed a death yak
 11501 | Lair:5   | Noticed a death yak
 11502 | Lair:5   | Noticed a death yak
 11503 | Lair:5   | Noticed a death yak
 11534 | Lair:4   | Killed a death yak
 11585 | Lair:5   | Reached skill level 8 in Armour
 12030 | Lair:5   | Killed a death yak
 12067 | Lair:5   | Killed a death yak
 12067 | Lair:5   | Reached skill level 9 in Shields
 12070 | Lair:5   | Killed a death yak
 12070 | Lair:5   | Reached skill level 5 in Evocations
 12070 | Lair:5   | Reached XP level 13. HP: 23/70 MP: 20/20
 12071 | Lair:5   | Reached skill level 9 in Invocations
 12226 | Lair:5   | HP: 13/70 [acid (11)]
 12227 | Lair:5   | Reached skill level 9 in Fighting
 12406 | Lair:6   | Entered Level 6 of the Lair of Beasts
 12613 | Lair:5   | HP: 17/70 [yak (7)]
 13174 | Lair:6   | HP: 15/70 [water moccasin (4)]
 13175 | Lair:6   | Zin protects you from harm!
 13289 | Lair:6   | Reached skill level 11 in Unarmed Combat
 13509 | Lair:6   | Found a viscous altar of Jiyva.
 13509 | Lair:6   | Found a staircase to the Slime Pits.
 13632 | Lair:6   | Reached skill level 9 in Armour
 13783 | Lair:6   | Reached skill level 10 in Shields
 13905 | Lair:6   | Reached XP level 14. HP: 76/76 MP: 22/22
 13919 | Lair:6   | Reached skill level 10 in Invocations
 14046 | Lair:6   | Reached skill level 10 in Fighting
 15005 | D:9      | Found a sparkling altar of Nemelex Xobeh.
 15371 | D:10     | Entered Level 10 of the Dungeon
 15441 | D:10     | Found a blossoming altar of Fedhas.
 15626 | D:10     | Found Teoxzoplasch's General Store.
 15634 | D:10     | Bought a scroll of recharging for 133 gold pieces
 15634 | D:10     | Bought a potion of curing for 42 gold pieces
 16376 | D:10     | Reached skill level 1 in Dodging
 16494 | D:11     | HP: 17/92 [white ugly thing (16)]
 16496 | D:11     | Zin protects you from harm!
 16498 | D:11     | HP: 7/92 [white ugly thing (5)]
 16498 | D:11     | Zin protects you from harm!
 16647 | D:11     | Found Dyshroptu's Book Emporium.
 17441 | D:12     | Found a staircase to the Orcish Mines.
 17449 | D:12     | Reached skill level 12 in Unarmed Combat
 17999 | Orc:1    | Entered Level 1 of the Orcish Mines
 18089 | Orc:2    | Entered Level 2 of the Orcish Mines
 18097 | Orc:2    | Found Venodd's Book Boutique.
 18152 | Orc:2    | Found Ticw's Weapon Shoppe.
 18192 | Orc:2    | Reached skill level 2 in Dodging
 18220 | Orc:2    | Found Ecrymaph's General Store.
 18260 | Orc:2    | Bought a scroll of magic mapping for 56 gold pieces
 18261 | Orc:2    | Bought a scroll of identify for 32 gold pieces
 18910 | Orc:2    | Reached skill level 11 in Invocations
 19034 | Orc:2    | Found Zuchiong's Food Emporium.
 19095 | Orc:2    | Found a staircase to the Elven Halls.
 19129 | Orc:2    | Found Bomeit's Antique Armour Shoppe.
 19285 | Orc:2    | Reached XP level 15. HP: 81/81 MP: 24/24
 19362 | Orc:2    | Reached skill level 11 in Shields
 19540 | Orc:2    | Found Finau's Food Shoppe.
 19540 | Orc:2    | Found Ceuming's Book Boutique.
 19546 | Orc:2    | Found Jelagame's Book Boutique.
 19546 | Orc:2    | Found Pozuts's Weapon Shoppe.
 20586 | D:14     | Reached skill level 11 in Fighting
 20852 | D:14     | Reached skill level 3 in Dodging
 20899 | D:14     | Found a gate to the Vaults.
 21087 | D:14     | Found a hide-covered altar of Uskayaw.
 21475 | D:15     | Entered Level 15 of the Dungeon
 21652 | D:15     | Found a bloodstained altar of Trog.
 21702 | D:15     | Got a wizard robe
 21831 | D:15     | Found a staircase to the Depths.
 21882 | D:15     | Reached skill level 6 in Evocations
 21890 | D:15     | Found Orulur's Antique Weapon Boutique.
 22410 | D:8      | Donated 947 gold pieces to Zin
 22511 | Spider:1 | Entered Level 1 of the Spider Nest
 22607 | Spider:1 | Reached skill level 12 in Invocations
 22969 | Spider:1 | Reached skill level 13 in Unarmed Combat
 23076 | Spider:1 | HP: 21/98 [entropy weaver (9)]
 23077 | Spider:1 | HP: 10/98 [entropy weaver (4)]
 23254 | Spider:1 | HP: 21/98 [wolf spider (7)]
 23259 | Spider:1 | HP: 18/98 [poisoned by a wolf spider]
 23264 | Spider:1 | HP: 19/98 [poisoned by a wolf spider]
 23269 | Spider:1 | HP: 21/98 [poisoned by a wolf spider]
 23630 | Spider:1 | Reached XP level 16. HP: 88/88 MP: 26/26
 23912 | Spider:1 | Reached skill level 12 in Shields
 23978 | Spider:1 | HP: 37/154 [entropy weaver (9)]
 23979 | Spider:1 | Reached skill level 7 in Evocations
 23983 | Spider:1 | HP: 22/103 [poisoned by a redback]
 24761 | Spider:1 | HP: 25/103 [eight-headed hydra (4)]
 24823 | Spider:1 | Reached skill level 12 in Fighting
 25349 | Spider:3 | Got a crude long sword
 25544 | Spider:3 | Paralysed by a hornet for 1 turns
 26407 | Spider:3 | Reached skill level 13 in Invocations
 26877 | Spider:4 | Entered Level 4 of the Spider Nest
 27025 | Spider:4 | Reached skill level 8 in Evocations
 27302 | Spider:3 | Reached XP level 17. HP: 76/93 MP: 27/27
 27852 | Shoals:1 | Entered Level 1 of the Shoals
 27908 | Shoals:1 | Noticed Kirke
 27925 | Shoals:1 | HP: 25/109 [snapping turtle (5)]
 27929 | Shoals:1 | HP: 9/109 [cyclops/large rock (8)]
 27930 | Shoals:1 | Zin protects you from harm!
 28307 | Lair:2   | Killed Kirke
 28545 | Shoals:1 | Reached skill level 13 in Shields
 28669 | Shoals:1 | Reached skill level 14 in Unarmed Combat
 29741 | Shoals:2 | Reached skill level 13 in Fighting
 29866 | Shoals:2 | Reached skill level 9 in Evocations
 30255 | Shoals:2 | Noticed Louise
 30356 | Shoals:2 | Killed Louise
 30822 | Shoals:4 | Entered Level 4 of the Shoals
 31040 | Shoals:4 | Noticed Ilsuiw
 31301 | Shoals:4 | Noticed tyranidshit's ghost (adept DsAK)
 31355 | Shoals:4 | Cast into level 3 of the Abyss (tyranidshit's ghost)
 31370 | Shoals:4 | Escaped the Abyss
 31458 | Shoals:4 | Killed tyranidshit's ghost
 31487 | Shoals:4 | Reached XP level 18. HP: 100/100 MP: 29/29
 31723 | Shoals:3 | Reached skill level 10 in Armour
 31864 | Shoals:4 | Got a transparent broad axe
 31881 | Shoals:4 | Identified the +3 broad axe "Killer Bee's Bane" {chop, rPois Str+8 Stlth-} (You found it on level 4 of the Shoals)
 32047 | Shoals:4 | HP: 26/115 [satyr/arrow (14)]
 32047 | Shoals:4 | HP: 9/115 [Ilsuiw/shard of ice (17)]
 32205 | Shoals:3 | Reached skill level 14 in Invocations
 32781 | Shoals:4 | Got a barnacled rune of Zot
 33929 | Spider:4 | Reached skill level 10 in Evocations
 34343 | Spider:4 | Got a gossamer rune of Zot
 34453 | Spider:4 | Donated 752 gold pieces to Zin
 34739 | Depths:1 | Entered Level 1 of the Depths
 34992 | D:15     | HP: 15/116 [ettin/dire flail (33)]
 34993 | D:15     | Zin protects you from harm!
 34994 | D:15     | Demolished by an ettin

Skill      XL: |  1  2  3  4  5  6  7  8  9 10 11 12 13 14 15 16 17 18 |
---------------+-------------------------------------------------------+-----
Unarmed Combat | 3 4 5 6 7 8 9 10 11 12 13 14 | 14.8
Fighting       | 3 4 5 6 7 8 9 10 11 12 13 | 13.6
Armour         | 3 4 5 6 7 8 9 10 | 10.5
Shields        | 3 4 5 6 7 8 9 10 11 12 13 | 13.7
Invocations    | 1 3 5 6 7 8 9 11 12 13 14 | 14.5
Evocations     | 3 5 6 8 9 10 | 10.2
Dodging        | 2 3 |  3.0

Action                   |  1- 3 |  4- 6 |  7- 9 | 10-12 | 13-15 | 16-18 || total
-------------------------+-------+-------+-------+-------+-------+-------++-------
Melee: Unarmed           |   109 |   157 |   496 |   703 |  1878 |  2035 ||  5378
       Bite              |    31 |    57 |   165 |   295 |   854 |   953 ||  2355
 Fire: Blowgun           |       |       |     2 |     2 |       |     5 ||     9
Invok: Recite            |       |       |     6 |     7 |    39 |    59 ||   111
       Vitalisation      |       |       |       |     2 |     5 |    19 ||    26
       Donate Gold       |       |       |       |       |     1 |     1 ||     2
       Sanctuary         |       |       |       |       |       |     2 ||     2
 Abil: Evoke Berserk Rag |       |       |     3 |    14 |       |       ||    17
       Evoke Invisibilit |       |       |       |       |       |    11 ||    11
Evoke: Wand              |       |       |       |    17 |    21 |   104 ||   142
       Lamp of fire      |       |       |       |     1 |     3 |     3 ||     7
       Phial of floods   |       |       |       |       |     1 |     1 ||     2
       Sack of spiders   |       |       |       |       |       |     4 ||     4
  Use: Scroll            |     7 |     1 |    11 |    12 |    19 |    24 ||    74
       Potion            |       |     2 |     3 |     2 |     3 |    19 ||    29
 Stab: Confused          |       |       |       |     7 |    35 |    23 ||    65
       Invisible         |       |       |       |     1 |     6 |    38 ||    45
       Paralysed         |       |       |       |       |    32 |    11 ||    43
       Distracted        |       |       |       |       |     1 |       ||     1
       Held in net/web   |       |       |       |       |       |     2 ||     2
  Eat: Chunk             |       |     3 |     5 |    22 |    17 |    22 ||    69
       Beef jerky        |       |       |     2 |     1 |     6 |     1 ||    10
       Pizza             |       |       |     2 |       |     3 |     8 ||    13
       Bread ration      |       |       |     1 |     1 |       |     3 ||     5
       Royal jelly       |       |       |     1 |     1 |     2 |       ||     4
       Fruit             |       |       |       |     5 |    11 |       ||    16
Armor: Scale mail        |    40 |    33 |   149 |   286 |   245 |       ||   753
       Ring mail         |       |       |       |       |   166 |       ||   166
       Mottled dragon sc |       |       |       |       |   185 |   934 ||  1119
Dodge: Dodged            |    32 |    24 |   124 |   223 |   534 |  1054 ||  1991
Block: Shield            |    64 |    42 |   154 |       |   399 |  1530 ||  2189
       Buckler           |       |       |    29 |   141 |   245 |       ||   415

Vault maps used:
D:1:      saegor_arrival_under_anarchy, minmay_heptomino_w4
D:3:      makhleb_heckhound_becter,
          nicolae_gozag_cash_rules_everything_around_me, ashenzari_altar_1,
          chequers_temple_overflow_minitemple, portal_sewer_entry_b,
          uniq_jessica, uniq_natasha, uniq_crazy_yiuf_cottage
D:4:      kennysheep_goblin_castle, nicolae_overflow_hidden_temple, first_bread,
          uniq_eustachio, uniq_grinder
D:5:      lemuel_zombie_altar_yredelemnul
D:6:      cheibrodos_iron_armory, uniq_duvessa, uniq_sigmund
D:7:      lemuel_coloured_pillars_altar,
          chequers_temple_overflow_statue_of_worship
D:8:      erik_lair_orcish_takeover, serial_co_window_serial,
          co_window_of_opportunity_a, co_window_corner_a, co_window_paths_a,
          co_window_of_opportunity_a, co_window_paths_a, co_window_cross_3,
          co_window_broadway_a, co_window_broadway_a, co_window_cross_4,
          co_window_broadway_b, glass_columns_b
D:9:      kennysheep_little_box, kennysheep_minor_cross
D:10:     serial_shops, shop, grunt_livestock, fedhas_altar_decomposition
D:11:     serial_shops, shop_fountains, minmay_hedge_maze, lemuel_flamethrower_1
D:12:     zombieorc2_lemuel
D:13:     kennysheep_pointless_box, spider_trap, corexii_checkpoint_b
D:14:     lightli_vaults_fourway_checkpoint, serial_bayou_ford_a,
          lemuel_statue_altar
D:15:     hangedman_depths_entry_try_elsewhere_first, serial_shops, shop,
          minivault_25, serial_bayou_pond_c, trog_wizard
Lair:1:   grunt_megastairs_4
Lair:2:   elwin_shoals_entry_rocks, spider_nest_entry_web_field, uniq_fannar
Lair:3:   nicolae_volcano_entry_s_turn, grunt_forest_large_clearing_hut
Lair:4:   portal_ice_cave_entry_ice_beasts, small_statue_intersection,
          eino_small_chamber_without_monster, infiniplex_staircase_pool
Lair:6:   grunt_lair_end_beastmaster, slime_altar_1, kennysheep_basilisk_garden
Shoals:1: st_shoals_ruin, uniq_kirke
Shoals:2: nicolae_shoals_wave_tunnel, uniq_louise
Shoals:3: nicolae_shoals_water_elemental_grotto
Shoals:4: shoals_end_hangedman, shoal_ilsuiw
Spider:2: spider_trap
Spider:3: nicolae_spider_ant_collections
Spider:4: grunt_spider_rune_circles, spider_trap
Orc:2:    grunt_orc_tribal_feast, serial_shops, shop, shop,
          nicolae_shop_waterfront, shop, shop_coins
Depths:1: enter_ziggurat_d, hellmouth_1, minmay_misc_feat_chi,
          nicolae_water_bricks, kennysheep_nondescript, lemuel_flamethrower_2
Sewer:    sewer_co_scattered_pipes

Table legend:
 A = Turns spent in this place as a percentage of turns spent in the entire game.
 B = Non-inter-level travel turns spent in this place as a percentage of non-inter-level travel turns spent in the entire game.
 C = Inter-level travel turns spent in this place as a percentage of turns spent in this place.
 D = Turns resting spent in this place as a percentage of non-inter-level travel turns spent in this place.
 E = Turns spent auto-exploring this place as a percentage of non-inter-level travel turns spent in this place.
 F = Non-inter-level travel turns spent in this place divided by the number of levels of this place that you've seen.
                   A       B       C       D       E      F
               +-------+-------+-------+-------+-------+----------------------
         Total | 100.0 | 100.0 |   0.7 |   2.7 |   5.7 | 404.2
       Dungeon |  32.8 |  32.8 |   0.6 |   0.5 |   8.7 | 300.4
          Lair |  18.6 |  18.6 |   0.8 |   3.6 |   6.1 | 426.3
        Shoals |  18.9 |  18.9 |   0.7 |   4.0 |   2.6 | 649.0
   Spider Nest |  22.5 |  22.5 |   0.9 |   4.3 |   3.5 | 772.2
  Orcish Mines |   5.7 |   5.7 |   0.5 |   2.3 |   6.1 | 390.5
        Depths |   0.2 |   0.2 |   0.0 |   0.0 |   0.0 |  22.0
         Abyss |   0.1 |   0.1 |   0.0 |   0.0 |   0.0 |  15.0
         Sewer |   1.3 |   1.3 |   0.0 |   0.0 |  10.3 | 175.0
               +-------+-------+-------+-------+-------+----------------------

Table legend:
 A = Kills in this place as a percentage of kills in entire the game.
 B = Kills by you in this place as a percentage of kills by you in the entire game.
 C = Kills by friends in this place as a percentage of kills by friends in the entire game.
 D = Other kills in this place as a percentage of other kills in the entire game.
 E = Experience gained in this place as a percentage of experience gained in the entire game.
 F = Experience gained in this place divided by the number of levels of this place that you have seen.
                   A       B       C       D       E      F
               +-------+-------+-------+-------+-------+----------------------
         Total | 100.0 | 100.0 | 100.0 | 100.0 | 100.0 | 9057.6
       Dungeon |  43.0 |  43.4 |   0.0 |  33.3 |  17.1 | 3512.1
          Lair |  16.9 |  17.1 |   0.0 |   0.0 |  21.5 | 11041.3
        Shoals |  12.3 |  11.7 |  88.9 |  16.7 |  24.2 | 18618.0
   Spider Nest |  20.2 |  20.3 |  11.1 |  16.7 |  32.8 | 25223.0
  Orcish Mines |   5.4 |   5.4 |   0.0 |  16.7 |   4.2 | 6475.5
        Depths |   0.2 |   0.1 |   0.0 |  16.7 |   0.2 | 655.0
         Sewer |   1.9 |   2.0 |   0.0 |   0.0 |   0.0 |  61.0
               +-------+-------+-------+-------+-------+----------------------
